SL
CAPITAL DISTRICT RED KNIGHTS @ CHICAGO HAWKS
07/26/2021
 
TOP OF THE 1ST
Capital District Red Knights batting - Pitching for Chicago Hawks : RHP Pedro Ritodíaz
Pitching: RHP Pedro Ritodíaz
Batting: RHB Chang-bum Pak 0-0: Ball
1-0: Fly out, F8 (Flyball, 8LS)
Batting: RHB Louis Henderson 0-0: Called Strike
0-1: Foul Ball, location: 2F
0-2: Ground out 6-3 (Groundball, 56)
Batting: RHB Daniel Lallanilla 0-0: Fly out, F7 (Flyball, 78D)
Top of the 1st over - 0 run(s), 0 hit(s), 0 error(s), 0 left on base; Capital District 0 - Chicago 0
BOTTOM OF THE 1ST
Chicago Hawks batting - Pitching for Capital District Red Knights : RHP César Rivera
Pitching: RHP César Rivera
Batting: LHB Motoshige Kitamura 0-0: Swinging Strike
0-1: Ball
1-1: Ball
2-1: Called Strike
2-2: Foul Ball, location: 2F
2-2: Ground out 4-3 (Groundball, 4)
Batting: RHB José Lozano 0-0: Called Strike
0-1: Swinging Strike
0-2: Ball
1-2: Foul Ball, location: 2F
1-2: SINGLE (Groundball, 6MD)
Batting: LHB Bill Griffin 0-0: Called Strike
0-1: Fly out, F5 (Popup, 5F)
Batting: LHB Paul Wilson 0-0: Called Strike
0-1: Ball
1-1: Foul Ball, location: 2F
1-2: Ball
2-2: Fly out, F9 (Flyball, 89M)
Bottom of the 1st over - 0 run(s), 1 hit(s), 0 error(s), 1 left on base; Capital District 0 - Chicago 0
TOP OF THE 2ND
Capital District Red Knights batting - Pitching for Chicago Hawks : RHP Pedro Ritodíaz
Batting: LHB Leonardo López 0-0: Foul Ball, location: 2F
0-1: Foul Ball, location: 2F
0-2: Strikes out looking
Batting: RHB Dong-joon Ch'oe 0-0: Called Strike
0-1: Ball
1-1: Foul Ball, location: 2F
1-2: Fly out, F8 (Flyball, 8LXD)
Batting: LHB Stan Lewis 0-0: Foul Ball, location: 2F
0-1: Foul Ball, location: 2F
0-2: Strikes out swinging
Top of the 2nd over - 0 run(s), 0 hit(s), 0 error(s), 0 left on base; Capital District 0 - Chicago 0
BOTTOM OF THE 2ND
Chicago Hawks batting - Pitching for Capital District Red Knights : RHP César Rivera
Batting: LHB Bobby Moore 0-0: Ball
1-0: Ball
2-0: Fly out, F8 (Flyball, 8RD)
Batting: RHB Ed Whitaker 0-0: Called Strike
0-1: Fly out, F8 (Flyball, 8RM)
Batting: RHB Mitch Jensen 0-0: Called Strike
0-1: Ball
1-1: Foul Ball, location: 2F
1-2: Ball
2-2: Fly out, F5 (Line Drive, 56)
Bottom of the 2nd over - 0 run(s), 0 hit(s), 0 error(s), 0 left on base; Capital District 0 - Chicago 0
TOP OF THE 3RD
Capital District Red Knights batting - Pitching for Chicago Hawks : RHP Pedro Ritodíaz
Batting: RHB Jorge Torrez 0-0: Ball
1-0: Swinging Strike
1-1: Foul Ball, location: 2F
1-2: Strikes out swinging
Batting: SHB Joreão Canosa 0-0: Ball
1-0: Foul Ball, location: 2F
1-1: Swinging Strike
1-2: Ball
2-2: Strikes out swinging
Batting: RHB Lane Rich 0-0: Called Strike
0-1: Ball
1-1: Ball
2-1: Swinging Strike
2-2: Foul Ball, location: 2F
2-2: Foul Ball, location: 2F
2-2: Ball
3-2: Strikes out swinging
Top of the 3rd over - 0 run(s), 0 hit(s), 0 error(s), 0 left on base; Capital District 0 - Chicago 0
BOTTOM OF THE 3RD
Chicago Hawks batting - Pitching for Capital District Red Knights : RHP César Rivera
Batting: RHB José Ramos 0-0: Called Strike
0-1: Ball
1-1: Ball
2-1: Foul Ball, location: 2F
2-2: Ground out 6-3 (Groundball, 6)
Batting: RHB Ted Young 0-0: SINGLE (Groundball, 6MD)
Batting: LHB Motoshige Kitamura 0-0: Ball
1-0: Ball
2-0: Grounds out, U3 (Groundball, 3L)
Batting: RHB José Lozano 0-0: Called Strike
0-1: Ball
1-1: Ball
2-1: Ball
3-1: Base on Balls
Batting: LHB Bill Griffin 0-0: Ground out 4-3 (Groundball, 34)
Bottom of the 3rd over - 0 run(s), 1 hit(s), 0 error(s), 2 left on base; Capital District 0 - Chicago 0
TOP OF THE 4TH
Capital District Red Knights batting - Pitching for Chicago Hawks : RHP Pedro Ritodíaz
Batting: RHB Chang-bum Pak 0-0: Ball
1-0: Ball
2-0: Called Strike
2-1: Ball
3-1: Ground out 5-3 (Groundball, 56)
Batting: RHB Louis Henderson 0-0: Hit by Pitch
Batting: RHB Daniel Lallanilla 0-0: Ball
Louis Henderson steals 2nd base
1-0: Swinging Strike
1-1: Ball
2-1: Fly out, F2 (Popup, 2LF)
Batting: LHB Leonardo López 0-0: Ball
1-0: Fly out, F7 (Popup, 78S)
Top of the 4th over - 0 run(s), 0 hit(s), 0 error(s), 1 left on base; Capital District 0 - Chicago 0
BOTTOM OF THE 4TH
Chicago Hawks batting - Pitching for Capital District Red Knights : RHP César Rivera
Batting: LHB Paul Wilson 0-0: Ball
1-0: Ball
2-0: Ball
3-0: Base on Balls
Batting: LHB Bobby Moore 0-0: Ball
1-0: Grounds into double play, 3-6-1 (Groundball, 3)
Batting: RHB Ed Whitaker 0-0: Ball
1-0: Foul Ball, location: 2F
1-1: Ball
2-1: Swinging Strike
2-2: Foul Ball, location: 2F
2-2: Strikes out swinging
Bottom of the 4th over - 0 run(s), 0 hit(s), 0 error(s), 0 left on base; Capital District 0 - Chicago 0
TOP OF THE 5TH
Capital District Red Knights batting - Pitching for Chicago Hawks : RHP Pedro Ritodíaz
Batting: RHB Dong-joon Ch'oe 0-0: Ball
1-0: Ground out 6-3 (Groundball, 56D)
Batting: LHB Stan Lewis 0-0: Ball
1-0: Ball
2-0: Called Strike
2-1: Ground out U3 (Groundball, 3S)
Batting: RHB Jorge Torrez 0-0: Called Strike
0-1: Foul Ball, location: 2F
0-2: Ground out 3-1 (Groundball, 34)
Top of the 5th over - 0 run(s), 0 hit(s), 0 error(s), 0 left on base; Capital District 0 - Chicago 0
BOTTOM OF THE 5TH
Chicago Hawks batting - Pitching for Capital District Red Knights : RHP César Rivera
Batting: RHB Mitch Jensen 0-0: Swinging Strike
0-1: Called Strike
0-2: Foul Ball, location: 2F
0-2: Ball
1-2: Ball
2-2: Ball
3-2: Ground out 1-3 (Groundball, 13)
Batting: RHB José Ramos 0-0: Ball
1-0: Called Strike
1-1: Ball
2-1: Ball
3-1: Base on Balls
Batting: RHB Ted Young 0-0: Called Strike
0-1: Swinging Strike
0-2: Ball
1-2: Ball
2-2: Grounds into double play, 5-4-3 (Groundball, 56)
Bottom of the 5th over - 0 run(s), 0 hit(s), 0 error(s), 0 left on base; Capital District 0 - Chicago 0
TOP OF THE 6TH
Capital District Red Knights batting - Pitching for Chicago Hawks : RHP Pedro Ritodíaz
Batting: SHB Joreão Canosa 0-0: SINGLE (Flyball, 9LS)
Batting: RHB Lane Rich 0-0: Sac Bunt - play at first, batter OUT! 1-3
Joreão Canosa to second
Batting: RHB Chang-bum Pak 0-0: Ball
1-0: Ball
2-0: Called Strike
2-1: Called Strike
2-2: Ground out 1-3 (Groundball, 15)
Batting: RHB Louis Henderson 0-0: Foul Ball, location: 2F
0-1: Ball
1-1: Swinging Strike
1-2: Foul Ball, location: 2F
1-2: Ball
2-2: DOUBLE (Line Drive, 9LM)
Joreão Canosa scores
Batting: RHB Daniel Lallanilla Single, Error in OF, E7, batter to second base
Louis Henderson scores
Batting: LHB Leonardo López 0-0: Called Strike
0-1: Ground out U3 (Groundball, 3)
Top of the 6th over - 2 run(s), 3 hit(s), 1 error(s), 1 left on base; Capital District 2 - Chicago 0
BOTTOM OF THE 6TH
Chicago Hawks batting - Pitching for Capital District Red Knights : RHP César Rivera
Pitching: LHP Katai Ichikawa
Batting: LHB Motoshige Kitamura 0-0: Ball
1-0: Swinging Strike
1-1: Ball
2-1: DOUBLE (Flyball, 8RXD)
Batting: RHB José Lozano 0-0: Called Strike
0-1: Ball
1-1: Ball
2-1: Foul Ball, location: 2F
2-2: SINGLE (Groundball, 6MD)
Motoshige Kitamura to third
Runner from 3rd tries for Home, SAFE, no throw or cutoff
Pitching: RHP Gary Jones
Batting: LHB Bill Griffin 0-0: Called Strike
0-1: Ball
1-1: Ground out 5-3 (Groundball, 15S)
José Lozano to second
Batting: LHB Paul Wilson 0-0: Called Strike
0-1: SINGLE (Line Drive, 89S)
José Lozano to third
Batting: LHB Bobby Moore 0-0: Ball
1-0: Called Strike
1-1: Ball
2-1: Called Strike
Paul Wilson steals 2nd base
2-2: Foul Ball, location: 2F
2-2: Foul Ball, location: 2F
2-2: Fly out, F6 (Popup, 5D)
Batting: RHB Ed Whitaker 0-0: Called Strike
0-1: SINGLE (Line Drive, 78S)
José Lozano scores
Paul Wilson to third
Runner from 3rd tries for Home, SAFE, no throw or cutoff
Batting: RHB Mitch Jensen 0-0: Called Strike
0-1: Ball
1-1: Foul Ball, location: 2F
1-2: Ball
2-2: Strikes out looking
Bottom of the 6th over - 3 run(s), 4 hit(s), 0 error(s), 1 left on base; Capital District 2 - Chicago 3
TOP OF THE 7TH
Capital District Red Knights batting - Pitching for Chicago Hawks : RHP Pedro Ritodíaz
Batting: RHB Dong-joon Ch'oe 0-0: Foul Ball, location: 2F
0-1: Called Strike
0-2: Ball
1-2: Foul Ball, location: 2F
1-2: Ball
2-2: Foul Ball, location: 2F
2-2: Foul Ball, location: 2F
2-2: DOUBLE (Line Drive, 5L)
Batting: LHB Stan Lewis 0-0: DOUBLE (Line Drive, 89M)
Dong-joon Ch'oe scores
Pinch Hitting: LHB Theodore Shaw 0-0: Fly out, F7 (Flyball, 78M)
Batting: SHB Joreão Canosa 0-0: Ball
1-0: Foul Ball, location: 2F
1-1: Ground out 6-3 (Groundball, 6M)
Stan Lewis to third
Batting: RHB Lane Rich 0-0: Ball
1-0: Swinging Strike
1-1: Swinging Strike
1-2: Foul Ball, location: 2F
1-2: Strikes out swinging
Top of the 7th over - 1 run(s), 2 hit(s), 0 error(s), 1 left on base; Capital District 3 - Chicago 3
BOTTOM OF THE 7TH
Chicago Hawks batting - Pitching for Capital District Red Knights : RHP Gary Jones
Now at 3B: Tom Christensen
Batting: RHB José Ramos 0-0: Ball
1-0: Foul Ball, location: 2F
1-1: Ball
2-1: Ball
3-1: SINGLE (Flyball, 8RS)
Batting: RHB Ted Young 0-0: Bunt missed!
0-1: Sac Bunt - play at second, runner OUT! 1-6
Batting: LHB Motoshige Kitamura 0-0: Called Strike
0-1: Ball
1-1: Swinging Strike
1-2: Ground out 5-3 (Groundball, 15S)
Ted Young to second
Batting: RHB José Lozano 0-0: Called Strike
0-1: Ball
1-1: Ball
2-1: Called Strike
2-2: Strikes out swinging
Bottom of the 7th over - 0 run(s), 1 hit(s), 0 error(s), 1 left on base; Capital District 3 - Chicago 3
TOP OF THE 8TH
Capital District Red Knights batting - Pitching for Chicago Hawks : RHP Pedro Ritodíaz
Batting: RHB Chang-bum Pak 0-0: Ball
1-0: Swinging Strike
1-1: Ball
2-1: Foul Ball, location: 2F
2-2: Ground out 5-3 (Groundball, 56)
Batting: RHB Louis Henderson 0-0: Ball
1-0: Ball
2-0: SOLO HOME RUN (Flyball, 7D), Distance : 354 ft
Batting: RHB Daniel Lallanilla 0-0: Foul Ball, location: 2F
0-1: Ball
1-1: Swinging Strike
1-2: Ball
2-2: Strikes out swinging
Batting: LHB Leonardo López 0-0: Called Strike
0-1: Called Strike
0-2: Ground out 1-3 (Groundball, 13)
Top of the 8th over - 1 run(s), 1 hit(s), 0 error(s), 0 left on base; Capital District 4 - Chicago 3
BOTTOM OF THE 8TH
Chicago Hawks batting - Pitching for Capital District Red Knights : RHP Gary Jones
Pitching: RHP Myron Snow
Batting: LHB Bill Griffin 0-0: Called Strike
0-1: Reached on error, E3 (Groundball, 34S)
Batting: LHB Paul Wilson 0-0: Called Strike
0-1: Ball
1-1: Ball
2-1: Foul Ball, location: 2F
2-2: Foul Ball, location: 2F
2-2: Ball
3-2: Base on Balls
Batting: LHB Bobby Moore 0-0: Fly out, F4 (Popup, 4M)
Batting: RHB Ed Whitaker 0-0: Called Strike
0-1: Ball
1-1: Called Strike
1-2: Ball
2-2: Strikes out looking
Batting: RHB Mitch Jensen 0-0: Ball
1-0: Foul Ball, location: 2F
1-1: Ball
2-1: Foul Ball, location: 2F
2-2: Strikes out swinging
Bottom of the 8th over - 0 run(s), 0 hit(s), 1 error(s), 2 left on base; Capital District 4 - Chicago 3
TOP OF THE 9TH
Capital District Red Knights batting - Pitching for Chicago Hawks : RHP Pedro Ritodíaz
Batting: RHB Dong-joon Ch'oe 0-0: Ball
1-0: Fly out, F9 (Flyball, 9D)
Batting: LHB Stan Lewis 0-0: Hit by Pitch
Pitching: RHP Robinson Gonzáles
Pinch Hitting: RHB Barry Dempsey 0-0: Called Strike
0-1: Called Strike
0-2: Ball
1-2: Ball
2-2: Ball
3-2: Base on Balls
Stan Lewis to second
Batting: SHB Joreão Canosa 0-0: Ball
1-0: Called Strike
1-1: Fly out, F6 (Line Drive, 6)
Batting: RHB Lane Rich 0-0: Ground out 3-1 (Groundball, 34S)
Top of the 9th over - 0 run(s), 0 hit(s), 0 error(s), 2 left on base; Capital District 4 - Chicago 3
BOTTOM OF THE 9TH
Chicago Hawks batting - Pitching for Capital District Red Knights : RHP Myron Snow
Pitching: RHP Woody Cook
Now at 3B: Manny Carbajal
Batting: RHB José Ramos 0-0: SINGLE (Groundball, 56D) (infield hit)
Batting: RHB Ted Young 0-0: Ball
1-0: Bunted foul
1-1: Bunted foul
1-2: Strikes out swinging
Batting: LHB Motoshige Kitamura 0-0: Ball
1-0: Called Strike
1-1: Foul Ball, location: 2F
1-2: Ball
2-2: Fielders Choice at 2nd, 3-6 (Groundball, 3)
Batting: RHB José Lozano 0-0: Ball
1-0: Called Strike
1-1: Ball
2-1: Swinging Strike
2-2: Strikes out swinging
Bottom of the 9th over - 0 run(s), 1 hit(s), 0 error(s), 1 left on base; Capital District 4 - Chicago 3
This league is powered by Out of the Park Baseball, the baseball management simulation game for PC, Mac and Linux
Friday, January 22nd, 2016 - OOTP Baseball 16.9 Build 39